 Dungeon Sprint DCSS version 0.20-a0-1043-gbd57889 (webtiles) character file.

14 Krakonus1 the Nimble (level 3, -1/20 HPs)
             Began as a Felid Monk on Apr 25, 2017.
             Was an Elder of Wu Jian.
             Killed from afar by Blork the orc (11 damage)
             ... with a magic dart
             ... in the Dungeon (Sprint VI: "Thunderdome").
             The game lasted 00:05:13 (307 turns).

Krakonus1 the Nimble (Felid Monk)                    Turns: 307, Time: 00:05:14

Health: -1/20      AC:  1    Str: 12    XL:     3   Next: 33%
Magic:  4/4        EV: 25    Int: 10    God:    Wu Jian [****..]
Gold:   40         SH:  0    Dex: 21    Spells: 2/2 levels left
                                        Lives:  0   Deaths: 0

rFire    + . .     SeeInvis +   (weapon unavailable)
rCold    + + .     Gourm    .   (shield unavailable)
rNeg     . . .     Faith    .   (armour unavailable)
rPois    .         Spirit   .   (helmet unavailable)
rElec    +         Reflect  .   (cloak unavailable)
rCorr    +         Harm     .   (gloves unavailable)
MR       .....     NoTele   +   (boots unavailable)
Stlth    ++++......             n - amulet of Egogis {+Rage rC+}
Regen    0.1/turn               b - ring of Qillyrgh {rCorr rC+ Str+5 Int-5}
MPRegen  0.1/turn               m - ring "Pumof" {Wiz rElec rF+ Int+4 Dex+2}

@: quick
A: no armour, no weapons or thrown items, stealth, claws 1, fangs 3, see
invisible, carnivore 3, speed 1, shaggy fur 1, slow metabolism 1, sharp paws
a: Serpent's Lash, Renounce Religion, Evoke Berserk Rage


You were in the Dungeon.
You worshipped Wu Jian.
Wu Jian was greatly pleased with you.
You were very full.

You visited 1 branch You collected 220 gold pieces.
You spent 180 gold pieces at shops.

Inventory:

Jewellery
 b - the ring of Qillyrgh (left paw) {rCorr rC+ Str+5 Int-5}
   (You bought it in a shop in the Dungeon)

   [ring of resist corrosion]

   It affects your strength (+5).
   It affects your intelligence (-5).
   It protects you from cold.
 m - the ring "Pumof" (right paw) {Wiz rElec rF+ Int+4 Dex+2}
   (You bought it in a shop in the Dungeon)

   [ring of wizardry]

   It improves your spell success rate.
   It affects your intelligence (+4).
   It affects your dexterity (+2).
   It protects you from fire.
   It insulates you from electricity.
 n - the amulet of Egogis (around neck) {+Rage rC+}
   (You bought it in a shop in the Dungeon)

   [amulet of rage]

   It protects you from cold.
   It lets you go berserk.
 o - the amulet "Dece" {Inacc *Slow rC+++ Str+5 Int-5}
   (You bought it in a shop in the Dungeon)

   [amulet of inaccuracy]

   It reduces the accuracy of all your attacks.
   It affects your strength (+5).
   It affects your intelligence (-5).
   It renders you almost immune to cold.
   It may slow you when you take damage.
Wands
 i - a wand of acid (5/15)
 j - a wand of iceblast (5/15)
Scrolls
 g - 4 scrolls of blinking
 k - 3 scrolls of fog
Potions
 c - 3 potions of heal wounds
 d - 4 potions of haste
 e - 2 potions of magic
 f - a potion of berserk rage
 h - a potion of resistance
Comestibles
 a - a meat ration
 l - 3 chunks of flesh


   Skills:
 * Level 6.1 Fighting
 * Level 8.3 Dodging
 - Level 5.3 Stealth


You had 2 spell levels left.
You didn't know any spells.

Dungeon Overview and Level Annotations

Branches:
Dungeon (1/1)

Altars:
Cheibriados
Dithmenos
Fedhas
Gozag
Kikubaaqudgha
Makhleb
Okawaru
Qazlal
Ru
Sif Muna
Trog
Uskayaw
Vehumet
Wu Jian
Xom
Yredelemnul
Zin
The Shining One
Beogh
Jiyva
Lugonu

Shops:
D *[%??*?*:[((!!!!

Annotations:
D Blork the orc


Innate Abilities, Weirdness & Mutations

You cannot wear armour.
You are incapable of wielding weapons or throwing items.
Your paws allow you to move quietly. (Stealth)
You have sharp claws.
You have razor-sharp teeth.
You have supernaturally acute eyesight. (SInv)
You are carnivorous and can eat meat at any time.
You cover ground quickly.
You are covered in fur. (AC +1)
You have a slow metabolism.
Your sharp claws are effective at attacking unaware monsters.


Message History

Blork the orc is severely wounded.
Blork the orc closely misses you.
You spin and attack Blork the orc.
You scratch Blork the orc but do no damage.
Blork the orc is severely wounded.
Blork the orc misses you.
You attack Blork the orc from above, but your attack speed is too slow for a blow to land.
Blork the orc is distracted by your jump.
You spin to attack Blork the orc, but your attack speed is too slow for a blow to land.
You spin to attack Blork the orc, but your attack speed is too slow for a blow to land.
Blork the orc points at you and mumbles some strange words.
The puff of frost hits you! You resist. Blork the orc completely misses you.
You attack Blork the orc from above, but your attack speed is too slow for a blow to land.
Blork the orc closely misses you.
You spin and attack Blork the orc.
You scratch Blork the orc.
Blork the orc is almost dead.
Blork the orc points at you and mumbles some strange words.
The magic dart hits you!
Ouch! That really hurt!
You die...

#∩.......∩# #_......._#
#........_# #_......._#
###.........###
#⌠..........)⌠#
######.8........§8.######
#∩___.(....###.§....__.∩##
∩...)((..8.# #.8@o).....∩###
...........###.............##
........###...###..........⌠#
........# #.<.# #..........⌠#
........###...###..........⌠#
...........###.............##
∩........8.# #.8........∩###
#∩___......###......__.∩##
######.8.........8.######


You could see Blork the orc.

Vanquished Creatures
  An orc priest (D)
  2 orcs (D)
  2 goblins (D)
  3 hobgoblins (D)
  A kobold (D)
9 creatures vanquished.

Notes
Turn   | Place    | Note
-------+----------+-------------------------------------------
     0 | D        | Krakonus1 the Felid Monk began the quest for the Orb.
     0 | D        | Reached XP level 1. HP: 11/11 MP: 2/2
     1 | D        | Found a shadowy altar of Dithmenos.
     1 | D        | Found a snail-covered altar of Cheibriados.
     2 | D        | Found an ancient bone altar of Kikubaaqudgha.
     2 | D        | Found a glowing silver altar of Zin.
     3 | D        | Found a deep blue altar of Sif Muna.
     3 | D        | Found a burning altar of Makhleb.
     4 | D        | Found an opulent altar of Gozag.
     4 | D        | Found Ipsafaap's Staff Store.
     4 | D        | Found Afonip's Magic Scroll Shop.
     5 | D        | Found Citoysa's Must-Have Magic.
     5 | D        | Found Isuesut's Magic Scroll Shop.
     7 | D        | Found an iron altar of Okawaru.
     7 | D        | Round 1.
     8 | D        | Found a blossoming altar of Fedhas.
     9 | D        | Found a shimmering altar of Xom.
    10 | D        | Found Idduak's Bee Food.
    10 | D        | Found a sacrificial altar of Ru.
    10 | D        | Found a stormy altar of Qazlal.
    10 | D        | Found a viscous altar of Jiyva.
    10 | D        | Found Keimeiq's Identification Station.
    11 | D        | Found Ivigheych's Jewellery.
    11 | D        | Found Lipt's Advanced Armour.
    14 | D        | Found a glowing golden altar of the Shining One.
    15 | D        | Found a bloodstained altar of Trog.
    16 | D        | Found a basalt altar of Yredelemnul.
    17 | D        | Found an ornate altar of the Wu Jian Council.
    17 | D        | Found a radiant altar of Vehumet.
    17 | D        | Found a corrupted altar of Lugonu.
    17 | D        | Found Ygoa's Premium Goods.
    17 | D        | Found Ojanwucs's Weapon Rack.
    18 | D        | Found Qoatack's Miscellaneous Merchandise.
    18 | D        | Found Ugris's Basic Armour.
    21 | D        | Found a roughly hewn altar of Beogh.
    25 | D        | Became a worshipper of the Wu Jian Council
    25 | D        | Reached * piety under Wu Jian
    25 | D        | Reached ** piety under Wu Jian
    27 | D        | Found a hide-covered altar of Uskayaw.
    58 | D        | Found Ugoum's Distillery.
    58 | D        | Found Lytz's Distillery.
    59 | D        | Found Onu Leih's Bottled Wisdom.
    60 | D        | Found Opleicw's Do-It-Yourself Clinic.
    83 | D        | Reached skill level 6 in Dodging
    91 | D        | Reached *** piety under Wu Jian
   123 | D        | Arena points: 14 (+14) [x2]
   142 | D        | Bought a vibrating iron ring for 45 gold pieces
   142 | D        | Identified the ring of Qillyrgh {rCorr rC+ Str+5 Int-5} (You bought it in a shop in the Dungeon)
   143 | D        | Bought a shimmering bone ring for 45 gold pieces
   143 | D        | Identified the ring "Pumof" {Wiz rElec rF+ Int+4 Dex+2} (You bought it in a shop in the Dungeon)
   144 | D        | Bought a translucent diamond amulet for 45 gold pieces
   144 | D        | Identified the amulet of Egogis {+Rage rC+} (You bought it in a shop in the Dungeon)
   145 | D        | Bought a slimy garnet amulet for 45 gold pieces
   146 | D        | Identified the amulet "Dece" {Inacc *Slow rC+++ Str+5 Int-5} (You bought it in a shop in the Dungeon)
   184 | D        | Round 2.
   184 | D        | Noticed an orc priest
   195 | D        | Killed an orc priest
   195 | D        | Reached skill level 8 in Dodging
   195 | D        | Reached XP level 2. HP: 15/16 MP: 3/3
   195 | D        | Reached XP level 3. HP: 19/20 MP: 4/4
   233 | D        | Reached **** piety under Wu Jian
   238 | D        | Noticed Blork the orc
   307 | D        | Killed from afar by Blork the orc

Vault maps used:
D:        arena_sprint

Skill      XL: |  1 |
---------------+----+-----
Dodging        | 8 |  8.3
Fighting       | 6 |  6.1
Stealth        | |  5.3

Action                   || total
-------------------------++-------
Melee: Unarmed           ||    71
       Bite              ||    12
Invok: Serpent's Lash    ||     1
  Use: Potion            ||     2
  Eat: Chunk             ||     5
Armor: Skin              ||     2
Dodge: Dodged            ||    68
